 Dungeon Crawl Stone Soup version 0.20-a0-1039-gf554463 (webtiles) character file.

95 Alarkh the Insei (level 4, 27/32 HPs)
             Began as a Demonspawn Transmuter on Apr 22, 2017.
             Quit the game on level 4 of the Dungeon.
             The game lasted 00:01:21 (2217 turns).

Alarkh the Insei (Demonspawn Transmuter)            Turns: 2217, Time: 00:01:22

Health: 27/32      AC:  2    Str: 10    XL:     4   Next: 39%
Magic:  15/16      EV: 12    Int: 15    God:
Gold:   137        SH:  0    Dex: 14    Spells: 3/7 levels left

rFire    . . .     SeeInvis .     - Unarmed
rCold    . . .     Gourm    .   (no shield)
rNeg     . . .     Faith    .   b - +0 robe
rPois    .         Spirit   .   (no helmet)
rElec    .         Reflect  .   (no cloak)
rCorr    .         Harm     .   (no gloves)
MR       .....                  (no boots)
Stlth    +.........             (no amulet)
Regen    0.1/turn               j - ring of magical power
MPRegen  0.2/turn               (no ring)

@: no status effects
A: claws 2, rot immunity
a: no special abilities


You were on level 4 of the Dungeon.
You were very hungry.

You visited 1 branch of the dungeon, and saw 4 of its levels.

You collected 137 gold pieces.

Inventory:

Missiles
 a - 45 arrows
Armour
 b - a +0 robe (worn)
Jewellery
 j - a ring of magical power (left claw)
 q - an uncursed ring of positive energy {unknown}
Scrolls
 g - a scroll of identify {unknown}
 h - 4 scrolls of teleportation {unknown}
 k - a scroll of blinking {unknown}
 p - a scroll of remove curse {unknown}
Potions
 e - 2 potions of heal wounds {unknown}
 f - a potion of flight {unknown}
 l - 2 potions of berserk rage {unknown}
 m - a potion of curing {unknown}
 o - a potion of might {unknown}
Books
 c - a book of Changes

   Spells                             Type                      Level
   a - Beastly Appendage              Transmutation                1
   b - Sticks to Snakes               Transmutation                2
   c - Spider Form                    Transmutation/Poison         3
   d - Ice Form                       Ice/Transmutation            4
   e - Blade Hands                    Transmutation                5
Comestibles
 d - 3 bread rations
 i - 4 fruits
 n - a meat ration


   Skills:
 - Level 1.0 Fighting
 - Level 1.7 Dodging
 + Level 4.7 Unarmed Combat
 - Level 2.0 Spellcasting
 - Level 1.7 Transmutations


You had 3 spell levels left.
You knew the following spells:

 Your Spells              Type           Power        Failure   Level  Hunger
a - Spider Form           Tmut/Pois      #.........   43%         3    ###....
b - Beastly Appendage     Tmut           #.....       11%         1    #......


Dungeon Overview and Level Annotations

Branches:
Dungeon (4/15)
 Temple: D:4-7

Altars:

Annotations:
D:1 1 runed door


Innate Abilities, Weirdness & Mutations

You have very sharp fingernails.
You are immune to rotting.


Message History

You kill the jackal!
Your transformation has ended.
Your +0 robe unmelds from your body.
The goblin hits you.
You scratch the jackal but do no damage.
The jackal barely misses you. The goblin hits you.
You claw the jackal!
You kill the jackal!
The goblin hits you but does no damage.
You barely miss the goblin. Your claw misses the goblin. The bat hits you.
The goblin closely misses you.
You barely miss the bat. The bat hits you. The goblin misses you.
You scratch the goblin.
You kill the goblin!
The bat completely misses you.
You scratch the bat. You claw the bat.
You kill the bat!
There is a stone staircase leading down here.
You climb downwards.
There is a stone staircase leading up here.
Are you sure you want to abandon this character and quit the game? (Confirm with "yes".)

#
#.####
#..@.#
##...#
#.#.#
#. ##
#. ##


There were no monsters in sight!

Vanquished Creatures
  Natasha (D:3)
  3 adders
  A worm (D:2)
  A dart slug (D:1)
  2 leopard geckos
  3 bats
  A giant cockroach (D:1)
  8 goblins
  3 hobgoblins
  2 jackals (D:3)
  3 quokkas (D:2)
  2 frilled lizards (D:2)
  5 rats
35 creatures vanquished.

Notes
Turn   | Place    | Note
-------+----------+-------------------------------------------
     0 | D:1      | Alarkh the Demonspawn Transmuter began the quest for the Orb.
     0 | D:1      | Reached XP level 1. HP: 15/15 MP: 3/3
     1 | D:1      | Found a runed door.
   111 | D:1      | Reached skill level 3 in Unarmed Combat
   455 | D:1      | Gained mutation: You have sharp fingernails. [demonic ancestry]
   455 | D:1      | Reached XP level 2. HP: 16/21 MP: 5/5
  1100 | D:2      | Gained mutation: You have very sharp fingernails. [demonic ancestry]
  1100 | D:2      | Reached XP level 3. HP: 26/26 MP: 6/6
  1138 | D:2      | Reached skill level 4 in Unarmed Combat
  2096 | D:3      | Noticed Natasha
  2190 | D:2      | Learned a level 3 spell: Spider Form
  2197 | D:3      | Killed Natasha
  2197 | D:3      | Gained mutation: You are immune to rotting. [demonic ancestry]
  2197 | D:3      | Reached XP level 4. HP: 32/32 MP: 7/7
  2217 | D:4      | Quit the game

Vault maps used:
D:1:      dpeg_arrival_caged_fury
D:2:      first_bread, minivault_4
D:3:      uniq_natasha

Skill      XL: |  1  2  3 |
---------------+----------+-----
Unarmed Combat | 3 4 |  4.7
Fighting       | |  1.0
Dodging        | |  1.7
Spellcasting   | |  2.0
Transmutations | |  1.7

Action                   |  1- 3 |  4- 6 || total
-------------------------+-------+-------++-------
Melee: Unarmed           |   106 |     8 ||   114
       Punch             |     1 |     1 ||     2
 Cast: Spider Form       |     1 |       ||     1
 Stab: Sleeping          |     3 |       ||     3
  Eat: Chunk             |     3 |       ||     3
Armor: Robe              |    12 |     1 ||    13
Dodge: Dodged            |    63 |     8 ||    71
